 Dungeon Crawl Stone Soup version 0.28.0 (webtiles) character file.

Game seed: 5652218497536602303

35402 Host24 the Sharpshooter (level 14, -7/82 HPs)
             Began as a Kobold Hunter on Feb 5, 2022.
             Was a High Priest of Okawaru.
             Mangled by a seven-headed hydra (9 damage)
             ... on level 6 of the Lair of Beasts.
             The game lasted 01:07:53 (22357 turns).

Host24 the Sharpshooter (Kobold Hunter)            Turns: 22357, Time: 01:07:53

Health: -7/82      AC: 12    Str: 12    XL:     14   Next: 18%
Magic:  0/25       EV: 19    Int: 13    God:    Okawaru [*****.]
Gold:   875        SH:  0    Dex: 17    Spells: 25/28 levels left

rFire   . . .      SeeInvis +   x - +2 arbalest (vorpal)
rCold   . . .      Faith    .   (shield currently unavailable)
rNeg    . . .      Spirit   +   E - +0 steam dragon scales
rPois   .          Reflect  .   S - +0 helmet
rElec   .          Harm     .   Q - scarf {+Inv}
rCorr   .          Rampage  .   f - +0 pair of gloves
Will    +....                   (no boots)
Stlth   +++.......              p - amulet of guardian spirit
HPRegen 0.23/turn               y - +4 ring of protection
MPRegen 0.19/turn               i - ring of see invisible

@: finesse-ful
A: small, no large weapons, nightstalker 3
a: Renounce Religion, Evoke Invisibility, Heroism, Finesse, Duel


You were on level 6 of the Lair of Beasts.
You worshipped Okawaru.
Okawaru was extremely pleased with you.
You visited 3 branches of the dungeon, and saw 17 of its levels.

You collected 1046 gold pieces.
You spent 171 gold pieces at shops.

Inventory:

Hand Weapons
 x - a +2 vorpal arbalest (weapon)
 G - the +8 autumn katana {vorpal, manifold assault}
   (You found it on level 4 of the Lair of Beasts)

   It sometimes launches melee attacks against multiple visible enemies.
 N - the +6 shillelagh "Devastator" {shatter}
   (You found it on level 5 of the Dungeon)

   It releases a powerful concussive burst when it strikes, dealing extra damage
   to the target and all other foes adjacent to them.
Missiles
 d - 163 bolts (quivered ammo)
 u - 5 poisoned darts
 v - 560 stones
 z - 6 boomerangs
 C - 91 sling bullets
 J - 37 arrows
 W - 3 throwing nets
Armour
 f - a +0 pair of gloves (worn)
 E - +0 steam dragon scales (worn)
 P - a scarf of resistance
 Q - a scarf of invisibility (worn)
 R - a +1 leather armour of poison resistance
 S - a +0 helmet (worn)
Jewellery
 a - the ring of Minnior {rElec rF- Dex+6 Stlth+}
   (You found it on level 1 of the Lair of Beasts)

   [ring of dexterity]

   Dex:       It affects your dexterity (+6).
   rF:        It makes you vulnerable to fire.
   rElec:     It insulates you from electricity.
   Stlth:     It makes you more stealthy.
 c - a ring of resist corrosion
 e - a ring of wizardry
 i - a ring of see invisible (right hand)
 p - an amulet of guardian spirit (around neck)
 r - a ring of positive energy
 y - a +4 ring of protection (left hand)
Wands
 n - a wand of mindburst (20)
 o - a wand of paralysis (7)
 I - a wand of acid (14)
 L - a wand of digging (4)
 T - a wand of iceblast (6)
 V - a wand of polymorph (4)
Scrolls
 b - a scroll of enchant armour {unknown}
 h - a scroll of brand weapon
 j - a scroll of enchant weapon {unknown}
 k - 2 scrolls of teleportation
 w - 2 scrolls of noise
 A - 2 scrolls of magic mapping
 B - 2 scrolls of fog
 D - a scroll of summoning
 F - 2 scrolls of blinking {unknown}
 M - 2 scrolls of torment {unknown}
 U - a scroll of fear
 Y - a scroll of holy word {unknown}
Potions
 g - 2 potions of curing
 l - a potion of magic
 m - 10 potions of ambrosia
 q - 2 potions of might
 s - 3 potions of mutation
 t - a potion of brilliance
 H - 3 potions of resistance
 K - a potion of haste
 O - 2 potions of berserk rage
 X - a potion of heal wounds


   Skills:
 - Level 7.1 Fighting
 - Level 18.0 Crossbows
 - Level 4.0 Armour
 - Level 8.0 Dodging
 - Level 1.3 Stealth
 + Level 7.9 Spellcasting
 + Level 7.9 Hexes
 + Level 7.8 Translocations
 - Level 7.0 Invocations


You had 25 spell levels left.
You knew the following spells:

 Your Spells              Type           Power      Damage    Failure   Level
a - Portal Projectile     Hex/Tloc       50%        N/A       1%          3

Your spell library contained the following spells:

 Spells                   Type           Power      Damage    Failure   Level
 Gell's Gravitas          Tloc           25%        N/A       1%          3
 Lesser Beckoning         Tloc           25%        N/A       1%          3
 Teleport Other           Tloc           25%        N/A       1%          3
 Inner Flame              Hex/Fire       15%        N/A       9%          3
 Foxfire                  Conj/Fire      20%        2x1d5     14%         1
 Magic Dart               Conj           20%        1d4       14%         1
 Sublimation of Blood     Necr           5%         N/A       22%         2
 Fulminant Prism          Conj/Hex       7%         3d7       26%         4
 Iskenderun's Mystic Bla  Conj/Tloc      15%        2d5       26%         4
 Conjure Flame            Conj/Fire      5%         6-21      38%         3
 Frozen Ramparts          Ice            10%        1d3       38%         3
 Mephitic Cloud           Conj/Pois/Air  5%         N/A       38%         3
 Ozocubu's Armour         Ice            5%         N/A       38%         3
 Metabolic Englaciation   Hex/Ice        7%         N/A       58%         5
 Flame Wave               Conj/Fire      5%         2d5       80%         4
 Ice Form                 Ice/Tmut       5%         N/A       80%         4
 Petrify                  Tmut/Erth      5%         N/A       80%         4
 Blade Hands              Tmut           2%         N/A       98%         5
 Excruciating Wounds      Necr           2%         N/A       98%         5
 Irradiate                Conj/Tmut      2%         3d14      98%         5
 Lee's Rapid Deconstruct  Erth           2%         3d6*      98%         5
 Call Imp                 Summ           Unusable   N/A       N/A         2
 Summon Forest            Summ/Tloc      Unusable   N/A       N/A         5
 Summon Mana Viper        Hex/Summ       Unusable   N/A       N/A         5
 Summon Ice Beast         Ice/Summ       Unusable   N/A       N/A         4
 Simulacrum               Ice/Necr       Unusable   N/A       N/A         6
 Summon Cactus Giant      Summ           Unusable   N/A       N/A         6

Dungeon Overview and Level Annotations

Branches:
Dungeon (10/15)            Temple (1/1) D:5            Lair (6/6) D:9
  Swamp (0/4) Lair:4        Snake (0/4) Lair:3        Slime (0/5) Lair:5
    Orc: D:9-12

Altars:
Ashenzari
Cheibriados
Dithmenos
Elyvilon
Fedhas
Gozag
Hepliaklqana
Kikubaaqudgha
Makhleb
Nemelex Xobeh
Okawaru
Qazlal
Sif Muna
Trog
Uskayaw
Vehumet
Wu Jian
Xom
Yredelemnul
The Shining One
Jiyva

Shops:
D:1 !   D:4 (

Portals:
Trove: D:10 (give 2 scrolls of acquirement)

Annotations:
D:3 Grinder
D:8 Gastronok


Innate Abilities, Weirdness & Mutations

You are small and have problems with some larger weapons.
You are completely attuned to the shadows.


Message History

You shoot a bolt. The bolt hits the seven-headed hydra!
The seven-headed hydra is almost dead.
The seven-headed hydra bites you!
The seven-headed hydra completely misses you.
The seven-headed hydra bites you. The seven-headed hydra bites you!
The seven-headed hydra bites you but does no damage.
The seven-headed hydra completely misses you.
The seven-headed hydra bites you but does no damage.
Fire: 165 bolts
Press: ? - help, Q - select action, (/) - cycle Shift-Dir - straight line, f/p - seven-headed hydra
Aim: a seven-headed hydra (almost dead, 85% to hit)
You shoot a bolt.
The bolt barely misses the seven-headed hydra.
The seven-headed hydra bites you.
The seven-headed hydra closely misses you.
The seven-headed hydra bites you. The seven-headed hydra bites you!
The seven-headed hydra closely misses you.
The seven-headed hydra bites you but does no damage.
The seven-headed hydra bites you!
Fire: 164 bolts
Press: ? - help, Q - select action, (/) - cycle Shift-Dir - straight line, f/p - seven-headed hydra
Aim: a seven-headed hydra (almost dead, 85% to hit)
You shoot a bolt. The bolt hits the seven-headed hydra.
The seven-headed hydra is almost dead.
The seven-headed hydra bites you but does no damage.
The seven-headed hydra bites you.
The seven-headed hydra closely misses you. x2
The seven-headed hydra misses you. The seven-headed hydra bites you!
* * * LOW HITPOINT WARNING * * *
The seven-headed hydra barely misses you.
You can now deal lightning-fast blows.
The seven-headed hydra bites you!
* * * LOW HITPOINT WARNING * * *
The seven-headed hydra barely misses you. x2
The seven-headed hydra closely misses you.
The seven-headed hydra bites you!
* * * LOW HITPOINT WARNING * * *
The seven-headed hydra completely misses you.
The seven-headed hydra bites you!
You die...

.PP..................
#.##.P....#......# ##
#.#....##....##
##P.####....#...#.##
##..P..##...###....##
##.....##....P##.....#
.(...........#####...#
#((..P..#....###..###
###.D@####...#.#.#....
......##..............
......................
......................
.......................
.......................
......#.##.........#...
#.....##........##.....
#...###..........#..YP


You could see a seven-headed hydra.

Vanquished Creatures
  5 hydras
  A catoblepas (Lair:6)
  5 death yaks (Lair:4)
  A bog body (Lair:4)
  5 black mambas
  10 elephants (Lair:6)
  9 cane toads
  A gargoyle (D:10)
  A kobold demonologist (D:10)
  2 rime drakes
  6 komodo dragons
  A queen bee (Lair:1)
  2 polar bears
  A meliai zombie (D:10)
  2 hornets
  A slime creature (Lair:2)
  4 blink frogs (Lair:6)
  45 yaks
  6 wyverns
  2 basilisks
  A steam dragon (Lair:4)
  2 acid dragons (D:9)
  9 water moccasins
  6 orc warriors
  4 black bears
  3 ice beasts
  3 sky beasts
  2 hornet zombies
  4 necrophages
  An ogre (D:6)
  19 wolves
  2 centaurs
  A phantom (D:4)
  A gnoll sergeant (D:9)
  2 kobold brigands
  4 bullfrogs
  3 scorpions
  3 water moccasin skeletons
  29 killer bees
  4 wights
  A howler monkey (D:6)
  An electric eel (Lair:4)
  2 bullfrog zombies
  4 centaur zombies
  A hound (D:2)
  6 jellies
  A gnoll shaman (D:8)
  3 orc priests
  2 centaur skeletons (D:7)
  2 bullfrog skeletons (D:5)
  A scorpion zombie (D:5)
  4 iguanas
  Ijyb (D:4)
  6 orc wizards
  2 hound zombies (D:5)
  2 hound skeletons (D:5)
  A howler monkey zombie (D:5)
  8 gnolls
  5 adders
  3 shadow imps
  A white imp (Lair:6)
  2 ufetubi
  An adder skeleton (D:5)
  3 worms
  5 dart slugs
  24 orcs
  9 ball pythons
  8 bats
  25 endoplasms
  A giant cockroach (D:1)
  7 goblins
  5 hobgoblins
  5 jackals
  5 quokkas
  2 frilled lizards (D:1)
  7 kobolds
  2 rats (D:1)
381 creatures vanquished.

Vanquished Creatures (others)
  49 fungi
  75 plants
  3 withered plants (D:5)
127 creatures vanquished.

Grand Total: 508 creatures vanquished

Notes
Turn   | Place    | Note
-------+----------+-------------------------------------------
     0 | D:1      | Host24 the Kobold Hunter began the quest for the Orb.
     0 | D:1      | Reached XP level 1. HP: 12/12 MP: 1/1
   163 | D:1      | Found Uggoemen's Distillery.
   174 | D:1      | Reached skill level 5 in Crossbows
   317 | D:1      | Reached XP level 2. HP: 15/18 MP: 2/2
  1034 | D:1      | Reached XP level 3. HP: 14/23 MP: 3/3
  1919 | D:2      | Found a faded altar of an unknown god.
  2322 | D:2      | Reached skill level 6 in Crossbows
  2322 | D:2      | Reached XP level 4. HP: 23/28 MP: 4/4
  3115 | D:3      | Reached XP level 5. HP: 32/32 MP: 5/5
  3564 | D:3      | Found a snail-covered altar of Cheibriados.
  3667 | D:3      | Noticed Grinder
  3803 | D:3      | Reached skill level 7 in Crossbows
  4160 | D:4      | Noticed Ijyb
  4396 | D:4      | Found an opulent altar of Gozag.
  4507 | D:4      | Found a sacrificial altar of Ru.
  4507 | D:4      | Found a radiant altar of Vehumet.
  4507 | D:4      | Found a shimmering altar of Xom.
  4511 | D:4      | Found a shadowy altar of Dithmenos.
  4511 | D:4      | Found a shimmering blue altar of Sif Muna.
  4511 | D:4      | Found a shimmering blue altar of Sif Muna.
  4580 | D:4      | Found an ornate altar of the Wu Jian Council.
  4678 | D:4      | Killed Ijyb
  4679 | D:4      | Reached XP level 6. HP: 28/37 MP: 3/6
  4790 | D:4      | Reached skill level 8 in Crossbows
  4839 | D:4      | Found Ybbaneje's Antique Weapon Shop.
  5245 | D:4      | Bought a smouldering rapier for 171 gold pieces
  5245 | D:4      | Identified the +4 rapier of Blood {distort, *Rage rC++
                  | Int+5} (You bought it in a shop on level 4 of the Dungeon)
  5255 | D:5      | Entered Level 5 of the Dungeon
  5258 | D:5      | Reached XP level 7. HP: 41/41 MP: 7/7
  5326 | D:5      | Reached skill level 9 in Crossbows
  5416 | D:5      | Reached skill level 10 in Crossbows
  5675 | D:5      | Reached XP level 8. HP: 47/48 MP: 6/8
  5694 | D:5      | Found the +6 shillelagh "Devastator" {shatter}
  5772 | D:5      | Reached skill level 5 in Fighting
  5875 | D:5      | Found a staircase to the Ecumenical Temple.
  5892 | Temple   | Entered the Ecumenical Temple
  6672 | D:6      | Reached skill level 5 in Dodging
  6672 | D:6      | Reached XP level 9. HP: 52/57 MP: 7/9
  6821 | D:6      | Noticed a two-headed ogre
  6921 | D:6      | Found a glowing golden altar of the Shining One.
  7458 | D:7      | Reached skill level 11 in Crossbows
  8181 | D:8      | Reached skill level 12 in Crossbows
  8186 | D:8      | Noticed a two-headed ogre
  8265 | D:8      | Noticed Gastronok
  8572 | D:8      | Reached XP level 10. HP: 55/63 MP: 10/10
  8578 | D:8      | Found a white marble altar of Elyvilon.
  8697 | D:8      | Reached skill level 13 in Crossbows
  8712 | D:8      | Reached skill level 14 in Crossbows
  9498 | D:8      | Found a shimmering blue altar of Sif Muna.
 10605 | D:9      | Identified the +0 kite shield of Ciesched {Dex+9 Slay-6
                  | Stlth+}
 10635 | D:9      | Reached skill level 15 in Crossbows
 11113 | D:9      | Found a staircase to the Lair.
 11181 | D:9      | Identified the +9 dagger "Sipaz" {pain, rF++ Int-2 SInv}
 11211 | D:8      | Reached skill level 16 in Crossbows
 11211 | D:8      | Reached XP level 11. HP: 19/67 MP: 3/11
 12154 | Lair:1   | Entered Level 1 of the Lair of Beasts
 12273 | Lair:1   | Identified the ring of Minnior {rElec rF- Dex+6 Stlth+}
 12428 | Lair:1   | Reached skill level 17 in Crossbows
 12476 | Lair:1   | Found a blossoming altar of Fedhas.
 13439 | Lair:1   | Reached skill level 18 in Crossbows
 13446 | Lair:1   | Reached skill level 1 in Armour
 13902 | D:10     | Entered Level 10 of the Dungeon
 14320 | D:10     | Found a portal to a secret trove of treasure.
 14371 | D:10     | Found a radiant altar of Vehumet.
 14490 | D:10     | Found a bloodstained altar of Trog.
 14490 | D:10     | Found an iron altar of Okawaru.
 14499 | D:10     | Became a worshipper of Warmaster Okawaru
 14644 | D:10     | Reached skill level 1 in Invocations
 15556 | Lair:2   | Reached * piety under Okawaru
 15588 | Lair:2   | Reached XP level 12. HP: 61/72 MP: 12/15
 15845 | Lair:2   | Reached skill level 5 in Invocations
 16087 | Lair:2   | Reached ** piety under Okawaru
 16582 | Lair:3   | Learned a level 3 spell: Portal Projectile
 16713 | Lair:3   | Noticed a seven-headed hydra
 16789 | Lair:3   | Reached *** piety under Okawaru
 16875 | Lair:3   | Reached skill level 1 in Spellcasting
 16875 | Lair:3   | Reached skill level 1 in Hexes
 16875 | Lair:3   | Reached skill level 1 in Translocations
 17025 | Lair:3   | Killed a seven-headed hydra
 17200 | Lair:3   | Found a staircase to the Snake Pit.
 17342 | Lair:3   | Noticed a four-headed hydra
 17348 | Lair:3   | Killed a four-headed hydra
 17931 | Lair:4   | Noticed a death yak
 17932 | Lair:4   | Noticed a death yak
 18177 | Lair:4   | Reached **** piety under Okawaru
 18185 | Lair:4   | Found a staircase to the Swamp.
 18621 | Lair:4   | Found the +8 autumn katana {vorpal, manifold assault}
 18651 | Lair:4   | Received a gift from Okawaru
 18750 | Lair:4   | Noticed an eight-headed hydra
 18750 | Lair:4   | Noticed a death yak
 18768 | Lair:4   | Reached XP level 13. HP: 58/76 MP: 14/19
 19271 | Lair:4   | Killed an eight-headed hydra
 19358 | Lair:4   | Reached skill level 5 in Spellcasting
 19358 | Lair:4   | Reached skill level 5 in Hexes
 19358 | Lair:4   | Reached skill level 5 in Translocations
 19411 | Lair:4   | Reached ***** piety under Okawaru
 19519 | Lair:4   | Received a gift from Okawaru
 20344 | Lair:5   | Found a viscous altar of Jiyva.
 20344 | Lair:5   | Found a staircase to the Slime Pits.
 20580 | Lair:5   | Noticed a seven-headed hydra
 20821 | Lair:5   | Received a gift from Okawaru
 21074 | Lair:6   | Entered Level 6 of the Lair of Beasts
 21168 | Lair:6   | Noticed a seven-headed hydra
 21212 | Lair:5   | Noticed a five-headed hydra
 21221 | Lair:5   | Killed a five-headed hydra
 21282 | Lair:6   | Received a gift from Okawaru
 21648 | Lair:6   | Received a gift from Okawaru
 21777 | Lair:6   | Noticed an eight-headed hydra
 21820 | Lair:6   | Received a gift from Okawaru
 21822 | Lair:6   | Reached XP level 14. HP: 52/82 MP: 17/25
 22152 | Lair:6   | Identified the -1 hat "Jiokhy" {-Tele Rampage rN+++ Regen+}
                  | (Okawaru gifted it to you on level 6 of the Lair of Beasts)
 22152 | Lair:6   | Received a gift from Okawaru
 22357 | Lair:6   | HP: 2/82 [seven-headed hydra (6)]
 22357 | Lair:6   | Mangled by a seven-headed hydra

Illustrated notes

Levels and vault maps discovered:
D:1:      minmay_arrival_checkered_box, layout_basic, serial_shops, shop,
          hangedman_decor_riveting, nrook_campfire
D:2:      layout_basic, hellmonk_ecumenical_altar_pennies_from_heaven
D:3:      layout_loops_cross, minmay_overflow_temple_star_quad,
          kennysheep_slug_shrine, minmay_misc_feat_more_columns,
          serial_bayou_pond_c, uniq_grinder
D:4:      layout_cave_pools, nicolae_wu_jian_wuxing_cycle, doesnt_xom_only_xom,
          grunt_gozag_statues, nicolae_wooded_promenade, uniq_ijyb
D:5:      layout_rooms, minmay_temple_entry_offerings, serial_undead,
          serial_undead_b, serial_undead_c, serial_undead_b, serial_undead_d,
          serial_undead_c, serial_undead_b
D:6:      layout_gridville, tso_oasis_becter
D:7:      layout_loops_cross
D:8:      layout_basic, old_standard_altar, kennysheep_orc_sif_temple,
          uniq_gastronok
D:9:      layout_irregular_city, minmay_lair_entry_grove
D:10:     layout_basic, grunt_temple_overflow_bloody_war, fiery_altar_vehumet,
          enter_trove_0, st_stairs_7
Temple:   kb_temple_of_zot
Lair:1:   layout_cave_pods, basic_altar, special_room [special_room_bee],
          lemuel_fruit_fields
Lair:2:   layout_hall_layers, small_statue_intersection, lemuel_fruit_fields,
          grunt_megastairs_4, infiniplex_staircase_pool_2, serial_bayou_shore_b,
          lemuel_fruit_tree
Lair:3:   lemuel_slime, layout_misc_corridors
Lair:4:   layout_gridlike, skrybe_swamp_entry_bodies, serial_bayou_shore_b,
          infiniplex_staircase_pool
Lair:5:   layout_concentric_octagons, slime_altar_1, minivault_11
Lair:6:   grunt_lair_end_beastmaster, layout_regular_city, ice2_lemuel,
          serial_bayou_shore_b

Skill      XL: |  1  2  3  4  5  6  7  8  9 10 11 12 13 |
---------------+----------------------------------------+-----
Crossbows      | 5 6 7 8 10 12 16 18 | 18.0
Fighting       | 3 4 7 |  7.1
Dodging        | 3 5 7 8 |  8.0
Armour         | 3 4 |  4.0
Invocations    | 4 7 |  7.0
Spellcasting   | 4 7 |  7.9
Hexes          | 3 7 |  7.9
Translocations | 3 7 |  7.8
Stealth        | |  1.3

Action                   |  1- 3 |  4- 6 |  7- 9 | 10-12 | 13-15 || total
-------------------------+-------+-------+-------+-------+-------++-------
Melee: Short sword       |    94 |    77 |       |       |       ||   171
       Punch             |     2 |       |     3 |     4 |     5 ||    14
       Shillelagh        |       |       |   106 |   380 |   155 ||   641
 Fire: Hand crossbow     |    11 |    48 |    31 |    21 |       ||   111
       Fustibalus        |       |    27 |    48 |       |       ||    75
       Arbalest          |       |       |       |   114 |   111 ||   225
Throw: Stone             |       |       |       |     4 |       ||     4
Invok: Heroism           |       |       |       |     2 |     4 ||     6
       Finesse           |       |       |       |       |     4 ||     4
  Use: Potion            |       |       |       |     7 |     1 ||     8
       Scroll            |       |       |       |    16 |     5 ||    21
 Stab: Sleeping          |    16 |     6 |     7 |     7 |     8 ||    44
       Distracted        |       |       |     1 |     4 |       ||     5
Armor: Leather armour    |    37 |    45 |    57 |   115 |       ||   254
       Steam dragon scal |       |       |       |     1 |    83 ||    84
Dodge: Dodged            |    91 |    82 |   134 |   544 |   243 ||  1094
